AoeStats
← wolololigma

Nomad

506772342Analyzed
3v3 RM · 17d ago on Sep 15, 2026· 29m 37s· 6 players
Game mode
Random Map
Map size
210×210
Population
200
Speed
Normal
Resources
Standard
Victory
Conquest
Starting age
Dark Age
Ending age
Imperial Age
RankedLock teamsTeams togetherTeam positionsShared explorationLock speedFull tech treeHidden civsTurbo modeCheats
Victory
Defeat
🇨🇦 Magyars · Canada
1151
+15
🇨🇦 Huns · Canada
1123
+16
🇨🇦 Khmer · Canada
1122
+16
🇧🇷 Vietnamese · Brazil
1147
-16
🇦🇷 Huns · Argentina
1136
-16
🇺🇸 Ethiopians · United States
1111
-15
wolololigma
5:29 Loom
15:23 Feudal Age
22:22 Double-Bit Axe
23:46 Horse Collar
28:50 Castle Age
28:48 Wheelbarrow
got.
4:37 Loom
15:49 Feudal Age
16:41 Double-Bit Axe
20:18 Castle Age
18:25 Horse Collar
21:13 Bow Saw
21:28 Heavy Plow
23:20 Fletching
26:55 Wheelbarrow
26:50 Crossbowman
27:32 Padded Archer Armor
29:13 Thumb Ring
29:59 Hand Cart
Flying Pi
4:57 Loom
14:13 Feudal Age
19:06 Castle Age
18:51 Town Watch
18:55 Double-Bit Axe
18:58 Horse Collar
20:11 Bow Saw
20:05 Heavy Plow
21:06 Wheelbarrow
27:41 Scale Barding Armor
29:36 Fletching
30:07 Chain Barding Armor
bkc7000
4:37 Loom
13:15 Feudal Age
20:28 Double-Bit Axe
20:27 Horse Collar
21:31 Forging
26:36 Castle Age
25:30 Bloodlines
25:26 Gold Mining
27:21 Husbandry
27:47 Scale Barding Armor
30:36 Chain Barding Armor
StrangeThing4
3:57 Loom
14:29 Feudal Age
16:07 Double-Bit Axe
20:45 Castle Age
18:56 Horse Collar
27:59 Bow Saw
28:59 Bloodlines
Skivyi
12:19 Loom
14:30 Feudal Age
17:51 Town Watch
22:42 Castle Age
22:36 Double-Bit Axe
23:55 Bow Saw
23:30 Horse Collar
26:31 Pikeman
Connection lost

Rejoining the realm…

Still unreachable

The connection could not be restored.

Session expired

The server has moved on; the page needs a fresh start.